 Dungeon Crawl Stone Soup version 0.25.1-2-g60ff931df9 (webtiles) character file.

Game seed: 9866439921684982069

5066 raphaelitos the Blocker (level 10, 0/77 HPs)
             Began as a Formicid Fighter on Nov 23, 2020.
             Was a High Priest of Cheibriados.
             Slain by an adder (2 damage)
             ... on level 8 of the Dungeon on Nov 24, 2020.
             The game lasted 00:21:59 (7941 turns).

raphaelitos the Blocker (Formicid Fighter)          Turns: 7941, Time: 00:22:00

Health: 0/77       AC: 11    Str: 35    XL:     10   Next: 86%
Magic:  10/10      EV: 14    Int: 18    God:    Cheibriados [*****.]
Gold:   512        SH: 19    Dex: 22    Spells: 9/9 levels left

rFire    . . .     SeeInvis +   k - +3 halberd
rCold    . . .     Gourm    .   c - +0 kite shield
rNeg     . . .     Faith    .   h - +1 ring mail
rPois    .         Spirit   .   (helmet unavailable)
rElec    .         Reflect  +   (no cloak)
rCorr    .         Harm     .   (no gloves)
MR       +....                  (no boots)
Stlth    ++........             j - amulet of reflection
HPRegen  0.22/turn              p - +4 ring of protection
MPRegen  0.12/turn              (no ring)

@: lethally poisoned (0 -> -3), very slow
A: permanent stasis, dig shafts and tunnels, four strong arms, antennae 3
a: Dig, Shaft Self, Bend Time, Temporal Distortion, Slouch, Step From Time,
Renounce Religion


You were on level 8 of the Dungeon.
You worshipped Cheibriados.
Cheibriados was extremely pleased with you.
You were not hungry.

You visited 2 branches of the dungeon, and saw 9 of its levels.

You collected 567 gold pieces.
You spent 55 gold pieces at shops.

Inventory:

Hand Weapons
 e - a +2 dagger of flaming
 g - a +0 shortbow
 k - a +3 halberd (weapon)
Missiles
 n - 11 javelins (quivered)
 o - 108 arrows
 t - 9 boomerangs
 v - 2 throwing nets
 B - 8 poisoned darts
 C - 16 bolts
 F - 19 sling bullets
Armour
 c - a +0 kite shield (worn)
 h - a +1 ring mail (worn)
Jewellery
 j - an amulet of reflection (around neck)
 p - a +4 ring of protection (left hand)
 L - an uncursed amulet of faith {unknown}
Wands
 w - a wand of digging (2)
 y - a wand of flame (12)
 H - a wand of acid (5)
Scrolls
 a - 3 scrolls of fog
 l - 4 scrolls of remove curse
 z - 2 scrolls of amnesia
 D - a scroll of immolation
 G - 2 scrolls of identify
Potions
 b - 2 potions of mutation
 d - 2 potions of might
 i - 3 potions of ambrosia
 m - 5 potions of stabbing
 q - 3 potions of curing
 r - 3 potions of magic
 s - a potion of resistance {unknown}
 u - 3 potions of flight
 A - a potion of degeneration {unknown}
 E - a potion of lignification {unknown}
 I - a potion of berserk rage {unknown}
 K - a potion of invisibility {unknown}
Comestibles
 f - 18 rations
 J - 5 chunks of flesh


   Skills:
 + Level 6.9 Fighting
 + Level 0.2 Short Blades
 + Level 7.2(7.7) Polearms
   Level 3.6(5.9) Staves
 + Level 4.9 Bows
 + Level 0.2 Throwing
 + Level 6.3 Armour
 + Level 3.6 Dodging
 + Level 2.3 Stealth
 + Level 9.6 Shields


You had 9 spell levels left.
You didn't know any spells.
Your spell library contained the following spells:

 Spells                   Type           Power        Failure   Level  Hunger
 Magic Dart               Conj           #...         28%         1    ##.....
 Call Imp                 Summ           #.......     41%         2    ###....
 Slow                     Hex            #.......     41%         2    ###....
 Conjure Flame            Conj/Fire      #.......     65%         3    ####...
 Mephitic Cloud           Conj/Pois/Air  #.......     65%         3    ####...
 Blink                    Tloc           Unusable     N/A         2    N/A

Dungeon Overview and Level Annotations

Branches:
Dungeon (8/15)             Temple (1/1) D:6
   Lair: D:8-11

Altars:
Ashenzari
Cheibriados
Dithmenos
Elyvilon
Fedhas
Gozag
Hepliaklqana
Kikubaaqudgha
Makhleb
Nemelex Xobeh
Qazlal
Ru
Sif Muna
Trog
Uskayaw
Vehumet
Xom
Zin

Shops:
D:5 ?[*


Innate Abilities, Weirdness & Mutations

You cannot be hasted, slowed, berserked, paralysed or teleported.
You can dig through walls and to a lower floor.
Your four strong arms can wield two-handed weapons with a shield.
You have a pair of large antennae on your head. (SInv)


Message History

You slice the killer bee!!
You kill the killer bee!
Cheibriados thoroughly appreciates the change of pace.
You feel sick. You block the killer bee's attack.
The killer bee barely misses you. You block the killer bee's attack.
The killer bee stings you but does no damage. x2
You block the adder's attack. The killer bee barely misses you.
The killer bee stings you but does no damage.
The killer bee stings you!
* * * LOW HITPOINT WARNING * * *
You slice the killer bee!!
You kill the killer bee!
Cheibriados thoroughly appreciates the change of pace.
You feel sick. You block the killer bee's attack. x2
The killer bee closely misses you. You block the killer bee's attack.
The adder barely misses you. You block the killer bee's attack. x2
The killer bee stings you.
* * * LOW HITPOINT WARNING * * *
The adder bites you.
You die...

.................#
................#
..#............##
..#.#..#........#
....####..##....##
...###...........#
##..#............##
..........#..#.#†y##
...........#.###@S.#
...###.....#..##yyy##
....##.....#..##y.(.###
...##.........##.(....#
##.......##...#.[####..#
.....##.. ##....## .#
....####. ##..## # ....#
#... ....# .....


You could see a queen bee, 4 killer bees and an adder.

Vanquished Creatures
  Gastronok (D:8)
  Joseph (D:7)
  Duvessa (D:4)
  A black bear (D:6)
  2 orc warriors
  4 ice beasts
  2 sky beasts
  A necrophage (D:5)
  2 ogres
  A phantom (D:8)
  3 centaurs
  Dowan (D:4)
  7 bullfrogs
  7 killer bees (D:8)
  A bullfrog zombie (D:4)
  A hound (D:7)
  A quasit (D:5)
  An orc priest (D:5)
  A jelly (D:7)
  An orc wizard (D:5)
  3 bullfrog skeletons
  3 iguanas
  5 worker ants
  2 hound skeletons
  Robin (D:3)
  A worker ant zombie (D:7)
  7 gnolls
  10 adders
  A shadow imp (D:6)
  An adder skeleton (D:6)
  6 worms
  2 dart slugs
  5 leopard geckos
  22 orcs
  10 bats
  6 giant cockroaches
  19 goblins
  12 hobgoblins
  7 jackals (D:2)
  6 quokkas
  4 ball pythons
  7 frilled lizards
  9 kobolds
  6 rats
195 creatures vanquished.

Notes
Turn   | Place    | Note
-------+----------+-------------------------------------------
     0 | D:1      | raphaelitos the Formicid Fighter began the quest for the
                  | Orb.
     0 | D:1      | Reached XP level 1. HP: 18/18 MP: 1/1
   148 | D:1      | Reached XP level 2. HP: 24/24 MP: 2/2
   692 | D:1      | Reached XP level 3. HP: 28/29 MP: 3/3
  1125 | D:2      | Reached skill level 4 in Shields
  1154 | D:2      | Reached XP level 4. HP: 23/37 MP: 4/4
  1404 | D:2      | Found a snail-covered altar of Cheibriados.
  1415 | D:2      | Became a worshipper of Cheibriados the Contemplative
  1773 | D:2      | You fall into a shaft and drop 2 floors!
  1885 | D:4      | Reached skill level 1 in Dodging
  1885 | D:4      | Reached XP level 5. HP: 41/42 MP: 5/5
  2008 | D:4      | Found a white marble altar of Elyvilon.
  2053 | D:3      | Reached * piety under Cheibriados
  2636 | D:3      | Noticed Robin
  2675 | D:3      | Killed Robin
  3015 | D:3      | Reached ** piety under Cheibriados
  3028 | D:3      | Reached XP level 6. HP: 34/48 MP: 6/6
  3316 | D:3      | Reached skill level 5 in Shields
  3432 | D:3      | Found a faded altar of an unknown god.
  3653 | D:4      | Found a shadowy altar of Dithmenos.
  3654 | D:4      | Found a burning altar of Makhleb.
  3801 | D:4      | Noticed an ogre
  3801 | D:4      | Noticed Duvessa
  3803 | D:4      | Noticed Dowan
  3808 | D:4      | Killed an ogre
  3808 | D:4      | Reached skill level 1 in Polearms
  3827 | D:4      | HP: 2/48 [poisoned by an adder]
  3835 | D:4      | Killed Duvessa
  3835 | D:4      | Reached XP level 7. HP: 22/54 MP: 7/7
  3840 | D:4      | Killed Dowan
  3840 | D:4      | Reached skill level 6 in Shields
  4625 | D:5      | Entered Level 5 of the Dungeon
  4625 | D:5      | Found Juerrut's Magic Scroll Emporium.
  4633 | D:5      | Reached skill level 5 in Armour
  4808 | D:5      | Found Retog's Antique Armour Shoppe.
  4855 | D:5      | Reached *** piety under Cheibriados
  4855 | D:5      | Reached XP level 8. HP: 54/61 MP: 8/8
  5057 | D:5      | Reached skill level 7 in Shields
  5687 | D:5      | Found Jennewa's General Store.
  5692 | D:5      | Bought a potion of heal wounds for 55 gold pieces
  5866 | D:6      | Reached skill level 5 in Fighting
  5866 | D:6      | Reached skill level 1 in Stealth
  5983 | D:6      | Reached **** piety under Cheibriados
  5983 | D:6      | Reached XP level 9. HP: 68/68 MP: 9/9
  6088 | D:6      | Found a staircase to the Ecumenical Temple.
  6101 | D:6      | Reached skill level 1 in Bows
  6160 | Temple   | Entered the Ecumenical Temple
  6407 | D:6      | Reached skill level 8 in Shields
  6411 | D:6      | Reached skill level 5 in Polearms
  6630 | D:6      | You fall into a shaft and drop 1 floor!
  7066 | D:7      | Noticed Joseph
  7078 | D:7      | Killed Joseph
  7369 | D:7      | Found a stormy altar of Qazlal.
  7461 | D:7      | Reached XP level 10. HP: 76/76 MP: 10/10
  7902 | D:8      | Noticed Gastronok
  7922 | D:8      | Killed Gastronok
  7922 | D:8      | Reached skill level 9 in Shields
  7932 | D:8      | Reached ***** piety under Cheibriados
  7941 | D:8      | HP: 2/77 [killer bee (4)]
  7941 | D:8      | Slain by an adder

Illustrated notes

Levels and vault maps discovered:
D:1:      nzn_arrival_water_spiral, layout_loops_corners
D:2:      layout_loops_corners, kennysheep_slug_shrine,
          minmay_randomly_rotated_circles
D:3:      layout_basic, chequers_ecumenical_altar_lobes, uniq_robin
D:4:      layout_loops_corners, chequers_temple_overflow_statue_of_worship,
          uniq_duvessa
D:5:      layout_basic, serial_shops, shop, kennysheep_little_box, shop,
          first_ration
D:6:      layout_cave_pools, minmay_temple_entry_offerings
D:7:      layout_rooms, nicolae_qazlal_eye_of_the_storm, uniq_joseph
D:8:      layout_cave_pools, okawaru_altar_gauntlet_db, marbit_many_paths,
          tso_metal_star, david_nohive_1, ashenzari_altar_1, uniq_gastronok,
          uniq_maggie
Temple:   dshaligram_water_room_temple

Skill      XL: |  1  2  3  4  5  6  7  8  9 10 |
---------------+-------------------------------+-----
Shields        | 4 5 6 7 8 9 |  9.6
Armour         | 4 5 6 |  6.3
Dodging        | 1 2 3 |  3.6
Staves         | 3 |  3.6
Fighting       | 4 5 6 |  6.9
Polearms       | 2 4 5 7 |  7.2
Stealth        | 1 2 |  2.3
Bows           | 3 4 |  4.9
Short Blades   | |  0.2
Throwing       | |  0.2

Action                   |  1- 3 |  4- 6 |  7- 9 | 10-12 || total
-------------------------+-------+-------+-------+-------++-------
Melee: Dagger            |    50 |       |       |       ||    50
       Quarterstaff      |    60 |   169 |       |       ||   229
       Halberd           |       |    68 |   171 |    33 ||   272
 Fire: Shortbow          |       |       |    59 |    28 ||    87
Throw: Javelin           |       |     1 |     2 |       ||     3
  Use: Scroll            |     4 |     6 |     9 |       ||    19
       Potion            |       |     2 |     1 |     2 ||     5
  Eat: Chunk             |     1 |     6 |     5 |     1 ||    13
Armor: Scale mail        |     2 |       |       |       ||     2
       Ring mail         |    63 |    62 |    55 |    36 ||   216
Dodge: Dodged            |    55 |    70 |    73 |    84 ||   282
Block: Kite shield       |   119 |   232 |   257 |   112 ||   720
       Reflection        |       |     3 |    14 |       ||    17
